[Event "Late-Titled-Tuesday-Blitz-October-10-2023"]
[Site "Chess.com"]
[Date "2023.10.10"]
[Round "8"]
[White "ElenGajger"]
[Black "SEBAZZANO"]
[Result "1-0"]
[WhiteElo "2378"]
[BlackElo "2242"]
[TimeControl "180+1"]
[EndTime "15:22:08 PDT"]
[Termination "ElenGajger won by resignation"]

1. e4 e6 2. d4 d5 3. Nc3 dxe4 4. Nxe4 Bd7 5. Bd3 Bc6 6. Nf3 Bxe4 7. Bxe4 c6 8. c3 Nf6 9. Bc2 Bd6 10. O-O Nbd7 11. Re1 O-O 12. Qd3 Qc7 13. h4 Bf4 14. Ng5 Bxc1 15.
Nxh7 Bh6 16. g4 Qf4 17. g5 Qg4+ 18. Kf1 Qxh4 19. gxf6 Rfe8 20. fxg7 f5 21. Nf8 Nxf8 22. gxf8=Q+ Bxf8 23. Bb3 Qh1+ 24. Ke2 Qe4+ 25. Qxe4 fxe4 26. Kf1 Kg7 27. Rxe4 Kf6 28. Rae1 Bh6 29. Rxe6+ Rxe6 30. Rxe6+ Kg5 31. f4+ 1-0

[Event "Late-Titled-Tuesday-Blitz-October-10-2023"]
[Site "Chess.com"]
[Date "2023.10.10"]
[Round "8"]
[White "Witty_Alien"]
[Black "Eloist"]
[Result "0-1"]
[WhiteElo "2243"]
[BlackElo "2439"]
[TimeControl "180+1"]
[EndTime "15:22:17 PDT"]
[Termination "Eloist won on time"]

1. e4 e6 2. d4 d5 3. exd5 exd5 4.
c4 Nf6 5. Nf3 Be7 6. Nc3 O-O 7.
Bd3 dxc4 8. Bxc4 Nbd7 9. O-O Nb6 10. Bb3 c6 11. Re1 Nbd5 12. Bg5 Be6 13. Ne5 Qa5 14.
Qf3 Rad8 15. Rad1 Nc7 16. Bc2 Qb6 17. Bxf6 Bxf6 18. Ne4 Bxe5 19. dxe5 Qxb2 20. Nf6+ gxf6 21. Bxh7+ Kxh7 22. exf6 Qc2 23. Qg3 Qg6 24. Qxc7 Rxd1 25. Rxd1 Bd5 26. g3 Qe4 27. f3 Qe3+ 0-1

[Event "Late-Titled-Tuesday-Blitz-October-10-2023"]
[Site "Chess.com"]
[Date "2023.10.10"]
[Round "8"]
[White "Mariia89"]
[Black "Dannyyi"]
[Result "0-1"]
[WhiteElo "2084"]
[BlackElo "2295"]
[TimeControl "180+1"]
[EndTime "15:22:17 PDT"]
[Termination "Dannyyi won on time"]

1. d4 Nf6 2. Nf3 g6 3. c4 Bg7 4. Nc3 d5 5. Bg5 Ne4 6. cxd5 Nxg5 7. Nxg5 e6 8. Nf3 exd5 9. e3 O-O 10. Be2 c6 11. O-O Nd7 12. b4 a6 13. Na4 b5 14. Nc5 Nxc5 15. bxc5 a5 16. Re1 Re8 17. h3 Bf5 18. Bd3 Qd7 19. Rb1 h6 20. Qc2 Be4 21. Nd2 Bxd3 22. Qxd3 Re7 23. Nb3 Kh7 24. Qd2 Qc7 25. Nc1 f5 26. Nd3 Rf8 27. Rb3 Kh8 28. Ra3 a4 29. Rc3 Rfe8 30. Rb1 g5 31. g3 Re4 32. Qc2 Qf7 33. Nb4 Qg6 34. Kg2 f4 0-1

[Event "Late-Titled-Tuesday-Blitz-October-10-2023"]
[Site "Chess.com"]
[Date "2023.10.10"]
[Round "8"]
[White "KejJaj"]
[Black "victormago"]
[Result "0-1"]
[WhiteElo "2157"]
[BlackElo "2487"]
[TimeControl "180+1"]
[EndTime "15:22:18 PDT"]
[Termination "victormago won by checkmate"]

1. d4 Nf6 2. Bf4 c5 3. d5 e6 4. c4 exd5 5. cxd5 d6 6. Nc3 a6 7. a4 g6 8. e4 Bg7 9. f3 O-O 10. Bc4 Re8 11. Nge2 Nbd7 12. O-O Ne5 13. Bxe5 Rxe5 14.
f4 Rxe4 15. Nxe4 Nxe4 16. Qc1 Bg4 17. Nc3 Bd4+ 18. Kh1 Nf2+ 19. Rxf2 Bxf2 20. Qd2 Bd4 21. Re1 Bd7 22. Ne4 Bxa4 23. b3 Be8 24. Ng3 b5 25. Bd3 a5 26. f5 a4 27. fxg6 hxg6 28. bxa4 bxa4 29. Bc4 a3 30. Rf1 Qe7 31. Re1 Qf8 32.
Ne4 Bd7 33. Ba2 Bf5 34. Ng5 Qh6 35. Qf4 Be5 36. Qd2 Qxh2# 0-1

[Event "Late-Titled-Tuesday-Blitz-October-10-2023"]
[Site "Chess.com"]
[Date "2023.10.10"]
[Round "8"]
[White "PapaieDudu"]
[Black "Grossboss19"]
[Result "1-0"]
[WhiteElo "2386"]
[BlackElo "2486"]
[TimeControl "180+1"]
[EndTime "15:22:21 PDT"]
[Termination "PapaieDudu won by resignation"]

1. e4 c6 2. d4 d5 3. e5 c5 4. c3 Nc6 5. Nf3 Bg4 6. Be3 e6 7. Nbd2 Nh6 8. h3 Bxf3 9. Nxf3 Nf5 10. Bg5 Qb6 11. Be2 cxd4 12. O-O dxc3 13. bxc3 h6 14. Rb1 Qc7 15. Bf4 g5 16. Bh2 Bg7 17. c4 d4 18. g4 Nfe7 19. Nxd4 Nxd4 20. Qxd4 Nc6 21. Qd6 Qxd6 22. exd6 O-O-O 23. Bf3 e5 24. Rfd1 Rhe8 25. Be4 Nd4 26. Bxb7+ Kd7 27. c5 Rb8 28. Rxd4 exd4 29. c6+ Ke6 30. Re1+ Kf6 31. Rxe8 Rxe8 32. d7 Re1+ 33. Kg2 Ke7 34. c7 1-0

[Event "Late-Titled-Tuesday-Blitz-October-10-2023"]
[Site "Chess.com"]
[Date "2023.10.10"]
[Round "8"]
[White "tptagain"]
[Black "GMKrikor"]
[Result "1-0"]
[WhiteElo "2888"]
[BlackElo "2796"]
[TimeControl "180+1"]
[EndTime "15:22:24 PDT"]
[Termination "tptagain won by resignation"]

1. Nf3 d5 2. b3 c5 3. e3 a6 4.
Bb2 Nc6 5. g3 Nf6 6. Bg2 g6 7.
c4 dxc4 8. bxc4 Qd3 9. Qb3 Nb4 10. Bxf6 exf6 11. Qxd3 Nxd3+ 12. Ke2 Nb4 13. a3 Nc6 14. Nc3 Be6 15. d3 O-O-O 16. Rab1 Be7 17. Rb6 Kc7 18. Rhb1 Na5 19. Nd2 Rd6 20. Rxb7+ Nxb7 21. Rxb7+ Kd8 22. Nde4 Rc6 23. Nd5 Bxd5 24. cxd5 Rc7 25. Rb6 f5 26. Nd2 Kd7 27. Nc4 Ra7 28. d6 Bd8 29. Bc6+ Ke6 30. Rb8 Bf6 31. Rb6 Bd8 32. Rb1 Bf6 33. e4 fxe4 34.
dxe4 Rc8 35. Bd5+ Kd7 36. Bxf7 Rf8 37. Bd5 Re8 38. f4 Bd4 39. e5 1-0

[Event "Late-Titled-Tuesday-Blitz-October-10-2023"]
[Site "Chess.com"]
[Date "2023.10.10"]
[Round "8"]
[White "santosalberto1987"]
[Black "hakanazeri2"]
[Result "0-1"]
[WhiteElo "2461"]
[BlackElo "2604"]
[TimeControl "180+1"]
[EndTime "15:22:28 PDT"]
[Termination "hakanazeri2 won by resignation"]

1. e4 c5 2. Nf3 d6 3. Bb5+ Bd7 4. Bxd7+ Qxd7 5. c4 Nc6 6. Nc3 Nf6 7. O-O g6 8. d4 cxd4 9. Nxd4 Bg7 10. Be3 Ng4 11. Nc2 Bxc3 12. bxc3 Nxe3 13. Nxe3 Rc8 14. f4 Na5 15.
Qd4 O-O 16. Qxa7 Nxc4 17. Rab1 Nxe3 18. Qxe3 Qc6 19. Rb3 Ra8 20. Rfb1 Rxa2 21. Rxb7 e6 22. R7b6 Qc7 23. Qd4 Rd8 24. h3 e5 25. Qd5 Rc2 26. Rb7 Qc5+ 27. Qxc5 dxc5 28. R1b2 Rc1+ 29. Kh2 exf4 30.
Rf2 g5 31. h4 Rdd1 32. Kh3 h5 33. g4 Rh1+ 34. Kg2 hxg4 35. Rd2 Rcg1+ 36. Kf2 g3+ 37. Kf3 Rxh4 38. Rd8+ Kg7 39. Rdd7 Rf1+ 40. Ke2 f3+ 41. Ke3 g2 42. Rxf7+ Kg6 43. Rg7+ Kh5 0-1

[Event "Late-Titled-Tuesday-Blitz-October-10-2023"]
[Site "Chess.com"]
[Date "2023.10.10"]
[Round "8"]
[White "nihalsarin"]
[Black "GMBenjaminBok"]
[Result "1-0"]
[WhiteElo "3123"]
[BlackElo "3019"]
[TimeControl "180+1"]
[EndTime "15:22:35 PDT"]
[Termination "nihalsarin won by resignation"]

1. Nf3 d5 2. b3 Bf5 3. Bb2 e6 4. g3 h6 5. Bg2 Nf6 6. O-O Be7 7. d3 O-O 8. Nbd2 Bh7 9. c4 c6 10.
a3 a5 11. Ra2 Nbd7 12. Qa1 Bd6 13. Ne5 Nxe5 14. Bxe5 Bxe5 15. Qxe5 Nd7 16. Qb2 Qf6 17. b4 Qxb2 18. Rxb2 axb4 19. axb4 Ra4 20. f4 Rfa8 21. Kf2 Kf8 22. Rc1 Ra2 23. Rcc2 Rxb2 24.
Rxb2 Ke7 25. b5 Kd6 26. bxc6 bxc6 27. Rb7 Ra2 28. Nb3 Rb2 29. c5+ Ke7 30. Ke3 Kd8 31. Na5 Rxb7 32. Nxb7+ Ke7 33. Kd4 f6 34. Bh3 e5+ 35.
fxe5 fxe5+ 36. Kc3 Bg8 37. Kb4 Be6 38. Bxe6 Kxe6 39. Nd8+ Kf5 40. Nxc6 Nf6 41. h3 g5 42.
Nd8 g4 43. c6 Ne8 44. h4 Kf6 45. Kc5 Ke7 46. Nb7 Nc7 47. Nd6 Ke6 48. Nb5 Ne8 49.
Kb6 d4 50. Nc7+ 1-0

[Event "Late-Titled-Tuesday-Blitz-October-10-2023"]
[Site "Chess.com"]
[Date "2023.10.10"]
[Round "8"]
[White "BigAl"]
[Black "Zeck_CH"]
[Result "0-1"]
[WhiteElo "2588"]
[BlackElo "2504"]
[TimeControl "180+1"]
[EndTime "15:22:38 PDT"]
[Termination "Zeck_CH won on time"]

1. Nf3 c5 2. e4 d6 3. b4 cxb4 4. a3 Nf6 5. d3 bxa3 6. Bxa3 g6 7.
g3 Bg7 8. Bb2 O-O 9. Bg2 Nc6 10.
O-O Qb6 11. Qc1 Bg4 12. Na3 Rac8 13. Nc4 Qc7 14. Ne3 Be6 15. c4 Nb4 16. Qd2 a5 17.
Rfc1 b6 18. Nd4 Nd7 19. Nb5 Qd8 20. d4 Nb8 21. f4 N8a6 22. h3 Bd7 23. Kh2 Rxc4 24.
Nxc4 Bxb5 25. Ra3 Qb8 26. e5 d5 27. Ne3 e6 28. Rac3 Na2 29. g4 Nxc1 30. Qxc1 Bd7 31. Ba3 Rc8 32. Bd6 Qa8 33. f5 Rxc3 34. Qxc3 Bf8 35.
fxe6 fxe6 36. Qa3 Nb4 37. Bxf8 Qxf8 38. Kg3 g5 39. Bf3 Qf4+ 40. Kg2 Qxd4 41. Qc1 Nd3 0-1

[Event "Late-Titled-Tuesday-Blitz-October-10-2023"]
[Site "Chess.com"]
[Date "2023.10.10"]
[Round "8"]
[White "Oleksandr_Bortnyk"]
[Black "kleinebeer98"]
[Result "1-0"]
[WhiteElo "3037"]
[BlackElo "2856"]
[TimeControl "180+1"]
[EndTime "15:22:40 PDT"]
[Termination "Oleksandr_Bortnyk won by resignation"]

1. e4 e5 2. Bc4 Nf6 3. d3 c6 4.
Nf3 d5 5. Bb3 a5 6. a3 a4 7. Ba2 Bd6 8. Nc3 Be6 9. Ng5 O-O 10.
Nxe6 fxe6 11. O-O Nbd7 12. Bd2 Qe8 13. f3 Bc5+ 14. Kh1 Nh5 15. Ne2 Qg6 16. Qe1 Rf7 17.
Qh4 Be7 18. Qh3 Raf8 19. exd5 cxd5 20. Rae1 Bd6 21. Nd4 exd4 22. Rxe6 Rf6 23. Rxf6 Rxf6 24. Bxd5+ Kh8 25. Qxd7 Ng3+ 26. hxg3 Qh5+ 27. Kg1 Qxd5 28. Re1 h6 29. Re7 Rg6 30. Bf4 h5 31. Bxd6 Rxd6 32. Qe8+ Kh7 33. Re5 1-0

[Event "Late-Titled-Tuesday-Blitz-October-10-2023"]
[Site "Chess.com"]
[Date "2023.10.10"]
[Round "8"]
[White "FairChess_on_YouTube"]
[Black "Baku_Boulevard"]
[Result "0-1"]
[WhiteElo "3087"]
[BlackElo "3050"]
[TimeControl "180+1"]
[EndTime "15:22:41 PDT"]
[Termination "Baku_Boulevard won by resignation"]

1. Nf3 c5 2. c4 g6 3. Nc3 Bg7 4. g3 Nc6 5. Bg2 e6 6. O-O Nge7 7. e3 O-O 8. d4 cxd4 9. Nxd4 Nxd4 10. exd4 d5 11.
cxd5 Nxd5 12. h4 Bd7 13. Nxd5 exd5 14. h5 Qb6 15. Be3 Be6 16. h6 Bf6 17. Qd2 Rac8 18. Rac1 Rfe8 19. Rfd1 Bg4 20. Re1 Be6 21. Red1 Bg4 22.
Rf1 Be6 23. b4 Be7 24. a3 Bf8 25. Rc5 Qa6 26. Ra5 Qb6 27. Bxd5 Bxd5 28. Rxd5 Qc6 29.
Re5 Red8 30. Qa2 Qf3 31. Re1 Rc3 32. Bg5 Rdc8 33. Re8 Rc2 34. Qxc2 Rxc2 35. Be3 f6 36. d5 Kf7 37. Bc5 Bxc5 38. bxc5 Qxf2+ 0-1

[Event "Late-Titled-Tuesday-Blitz-October-10-2023"]
[Site "Chess.com"]
[Date "2023.10.10"]
[Round "8"]
[White "MathiasWomacka"]
[Black "WDCH"]
[Result "0-1"]
[WhiteElo "2527"]
[BlackElo "2726"]
[TimeControl "180+1"]
[EndTime "15:22:41 PDT"]
[Termination "WDCH won by resignation"]

1. e4 c5 2. Nf3 d6 3. d4 Nf6 4. Nc3 cxd4 5. Nxd4 a6 6. Be2 e5 7. Nb3 Be7 8. O-O O-O 9. Kh1 b6 10. Be3 Bb7 11. f3 Nbd7 12. a4 Rc8 13. Rf2 Rc7 14. Bf1 Qa8 15. Rd2 Rfc8 16. Nc1 Rxc3 17. bxc3 Rxc3 18.
Rd3 Rc8 19. c4 Nc5 20. Rd2 Bc6 21. Nd3 Qb7 22. Nb4 h6 23. Nd5 Nxd5 24. cxd5 Bd7 25. Rb2 Qc7 26. Bxc5 Qxc5 27. Bxa6 Rc7 28. Bb5 Bc8 29.
Bc6 Bg5 30. Rb5 Qc3 31. Rxb6 f5 32. Rb8 fxe4 33. fxe4 Kh7 34. Qf1 Bf4 35. Ra2 Qd4 36.
Qf3 Qc4 37. Rf2 Bg4 38. Qa3 Qxe4 39. h3 Qe1+ 0-1

[Event "Late-Titled-Tuesday-Blitz-October-10-2023"]
[Site "Chess.com"]
[Date "2023.10.10"]
[Round "8"]
[White "maurovargas01"]
[Black "blueryder"]
[Result "0-1"]
[WhiteElo "1897"]
[BlackElo "2180"]
[TimeControl "180+1"]
[EndTime "15:22:41 PDT"]
[Termination "blueryder won on time"]

1. e4 e5 2. Nf3 d5 3. exd5 Bd6 4. Nc3 Nf6 5. Bc4 e4 6. Nd4 O-O 7. h3 a6 8. O-O Qe7 9. Re1 Qe5 10. Nde2 Qh2+ 11. Kf1 Nbd7 12. Ng1 Ne5 13. Bb3 Ng6 14. Nxe4 Nxe4 15. Rxe4 Bf5 16. Re3 Bf4 17. d4 Bxe3 18. Bxe3 Nh4 19. g4 Qg2+ 20. Ke2 Be4 21. Qf1 Qh2 22.
Kd2 Ng2 23. Re1 Nxe3 24. Rxe3 Qf4 25. Kd1 Bg6 26. Qe1 Qxd4+ 27. Rd3 Qxb2 28. Kd2 Rfe8 29.
Re3 Red8 30. Nf3 c6 31. Ke2 cxd5 32. Kf1 d4 0-1

[Event "Late-Titled-Tuesday-Blitz-October-10-2023"]
[Site "Chess.com"]
[Date "2023.10.10"]
[Round "8"]
[White "iturrizaga"]
[Black "josiwales"]
[Result "1-0"]
[WhiteElo "3014"]
[BlackElo "2777"]
[TimeControl "180+1"]
[EndTime "15:22:44 PDT"]
[Termination "iturrizaga won by resignation"]

1. c4 c5 2. Nf3 g6 3. d4 cxd4 4. Nxd4 Nc6 5. e4 Nf6 6. Nc3 d6 7. Be2 Nxd4 8. Qxd4 Bg7 9. O-O O-O 10. Qd3 Be6 11. Be3 Qa5 12. Bd4 Rfc8 13. b3 a6 14. a4 Nd7 15. Bxg7 Kxg7 16. Rab1 Qc5 17. Kh1 Ne5 18.
Qd2 Nc6 19. Rbd1 Nb4 20. f4 f6 21. Nd5 Bxd5 22. exd5 b5 23. cxb5 axb5 24. Bxb5 Qc3 25.
Qe2 Ra7 26. Rf3 Qc5 27. Bc4 Rac7 28. h4 Qa5 29. h5 Rb7 30. Re3 Rcc7 31. Re1 Nxd5 32. Rf3 Nb6 33. Bb5 Nd5 34. Qe6 Rc2 35.
hxg6 hxg6 36. Be8 Kh8 37. Rh3+ 1-0

[Event "Late-Titled-Tuesday-Blitz-October-10-2023"]
[Site "Chess.com"]
[Date "2023.10.10"]
[Round "8"]
[White "German_Bazeev"]
[Black "h4parah5"]
[Result "0-1"]
[WhiteElo "2800"]
[BlackElo "2937"]
[TimeControl "180+1"]
[EndTime "15:22:45 PDT"]
[Termination "h4parah5 won on time"]

1. c4 g6 2. Nc3 Bg7 3. d4 d6 4. Nf3 Nf6 5. Bg5 h6 6. Bh4 Nbd7 7. e3 g5 8. Bg3 Nh5 9. Qc2 c5 10. d5 Qa5 11. Rc1 a6 12. Nd2 Nxg3 13. hxg3 Ne5 14.
Be2 Bd7 15. O-O g4 16. f4 gxf3 17. gxf3 h5 18. Kh2 b5 19. b3 b4 20. Nce4 O-O-O 21. Nf2 Rdg8 22. f4 Ng4+ 23. Nxg4 hxg4+ 24. Kg2 Rh3 25.
Rh1 Qa3 26. Rxh3 gxh3+ 27. Kh2 a5 28. Bd3 Qb2 29. Qxb2 Bxb2 30. Rb1 Bg7 31. Nf3 Bf6 32.
Nd2 a4 33. Ne4 Bg7 34. Bc2 axb3 35. axb3 Kc7 36. Rf1 Ra8 37. Rf2 Ra2 38. Bd1 Ra1 39. Bf3 Rb1 40. Nd2 Rb2 41. Re2 Bc3 42. Ne4 Rxb3 43. Ra2 Rb2+ 44. Rxb2 Bxb2 45. Bd1 Bc1 46. Ng5 Bxe3 47. Nxf7 e6 48. Bb3 exd5 49. cxd5 Bb5 50.
f5 c4 0-1

[Event "Late-Titled-Tuesday-Blitz-October-10-2023"]
[Site "Chess.com"]
[Date "2023.10.10"]
[Round "8"]
[White "LeninGuerra"]
[Black "Chesstrainer1"]
[Result "0-1"]
[WhiteElo "2607"]
[BlackElo "2506"]
[TimeControl "180+1"]
[EndTime "15:22:49 PDT"]
[Termination "Chesstrainer1 won by resignation"]

1. e4 c5 2. Nf3 d6 3. b4 cxb4 4.
a3 Nf6 5. Bd3 Nc6 6. O-O g6 7.
axb4 Nxb4 8. Bb5+ Nc6 9. d4 Bd7 10. Re1 a6 11. Bc4 Bg4 12. c3 Bg7 13. Qb3 O-O 14. Qxb7 Na5 15. Rxa5 Qxa5 16. Qxe7 Rae8 17. Qxd6 Nxe4 18. Qf4 Bxf3 19. gxf3 Nd6 20. Rxe8 Nxe8 21. Be3 Qa1 22. Qe4 Nd6 23. Bxf7+ Rxf7 24. Qa8+ Rf8 25. Qd5+ Kh8 26. Qxd6 Qxb1+ 27. Kg2 Qf5 28. f4 Qe4+ 29. Kg3 a5 30. h4 Qf5 31. d5 Qf6 32. Qa6 Qxa6 0-1

[Event "Late-Titled-Tuesday-Blitz-October-10-2023"]
[Site "Chess.com"]
[Date "2023.10.10"]
[Round "8"]
[White "familijatop71"]
[Black "protectiago"]
[Result "0-1"]
[WhiteElo "2125"]
[BlackElo "2069"]
[TimeControl "180+1"]
[EndTime "15:22:49 PDT"]
[Termination "protectiago won on time"]

1. e4 e5 2. Nf3 Nc6 3. Bc4 Bc5 4. b4 Bxb4 5. c3 Ba5 6. d4 d6 7.
O-O Bb6 8. dxe5 dxe5 9. Qxd8+ Nxd8 10. Nxe5 Be6 11. Nd2 Nf6 12. Ba3 c5 13. Bxe6 Nxe6 14. h3 O-O 15. Rfe1 Rfd8 16. Ndc4 Bc7 17. f3 b5 18. Nc6 bxc4 19. Nxd8 Rxd8 20. Rad1 Re8 21. e5 Nh5 22. Rd7 Nhf4 23. g3 Nd3 24. Rb1 Bxe5 25. Rbb7 Bxc3 26. Rxf7 Bd4+ 27. Kg2 c3 28. h4 c2 29. h5 c1=Q 30. Bxc1 Nxc1 31. g4 c4 32. Kg3 c3 33. f4 c2 34. f5 Ne2+ 35. Kh4 c1=Q 36.
fxe6 Qh1+ 37. Kg5 Bf6+ 0-1

[Event "Late-Titled-Tuesday-Blitz-October-10-2023"]
[Site "Chess.com"]
[Date "2023.10.10"]
[Round "8"]
[White "The_Princess_Moon"]
[Black "FaustinoOro"]
[Result "0-1"]
[WhiteElo "2317"]
[BlackElo "2855"]
[TimeControl "180+1"]
[EndTime "15:22:50 PDT"]
[Termination "FaustinoOro won on time"]

1. e4 e5 2. Nf3 Nc6 3. Nc3 Nf6 4.
Bb5 Nd4 5. Bc4 Nxf3+ 6. Qxf3 Bc5 7. d3 h6 8. Be3 Bb4 9. Bd2 d6 10. h3 O-O 11. g4 Nh7 12. h4 Qf6 13. Qg2 Qg6 14.
f3 Bxc3 15. Bxc3 Be6 16. Bd2 c6 17. Bb3 Bxb3 18. axb3 d5 19. h5 Qf6 20. O-O-O Ng5 21. Bxg5 Qxg5+ 22. Qd2 f6 23. c3 Rad8 24. Kc2 Rfe8 25. Qh2 b5 26. Ra1 Re7 27. Qf2 Rdd7 28. Ra6 dxe4 29. dxe4 c5 30. Rd1 Rxd1 31. Kxd1 Rd7+ 32.
Kc2 Qf4 33. Kb1 Rd1+ 34. Ka2 Qc1 35. b4 c4 0-1

[Event "Late-Titled-Tuesday-Blitz-October-10-2023"]
[Site "Chess.com"]
[Date "2023.10.10"]
[Round "8"]
[White "AleksandrAleksikov"]
[Black "wild3000"]
[Result "0-1"]
[WhiteElo "2258"]
[BlackElo "2319"]
[TimeControl "180+1"]
[EndTime "15:22:50 PDT"]
[Termination "wild3000 won on time"]

1. e4 e6 2. d4 d5 3. Nc3 Bb4 4. Ne2 c5 5. exd5 exd5 6. dxc5 Nf6 7. a3 Bxc5 8. Nd4 O-O 9. Be2 Nc6 10. Nb3 Bb6 11.
Bg5 h6 12. Bh4 Be6 13. O-O Ne5 14. Bxf6 Qxf6 15. Nxd5 Bxd5 16. Qxd5 Ng6 17. g3 Rab8 18.
c3 Rfd8 19. Qf3 Qe6 20. Nd4 Bxd4 21. cxd4 Rxd4 22. Rfe1 Ne5 23. Qc3 Qd6 24. Rad1 Rd8 25. Rxd4 Qxd4 26. Rd1 Qxd1+ 27. Bxd1 Rxd1+ 28. Kg2 Nc6 29.
b4 a6 30. a4 Rd5 31. Qe1 Re5 32. Qd2 h5 33. Qd7 Re7 34. Qd6 Re6 35. Qd5 g6 36. b5 axb5 37. axb5 Ne5 38. Qxb7 Ng4 0-1

[Event "Late-Titled-Tuesday-Blitz-October-10-2023"]
[Site "Chess.com"]
[Date "2023.10.10"]
[Round "8"]
[White "djano"]
[Black "sergoy"]
[Result "0-1"]
[WhiteElo "2677"]
[BlackElo "2965"]
[TimeControl "180+1"]
[EndTime "15:22:51 PDT"]
[Termination "sergoy won on time"]

1. e4 c5 2. Nc3 d6 3. f4 g6 4. Nf3 Bg7 5. Bc4 e6 6. O-O Ne7 7. d3 O-O 8. Qe1 d5 9. Bb3 Nbc6 10. f5 c4 11. Qh4 exf5 12. exd5 cxb3 13. dxc6 bxc2 14. Bg5 f6 15. Qc4+ Kh8 16. c7 Qd7 17. Be3 Nc6 18. d4 Re8 19. Bf2 b5 20. Nxb5 Ba6 21. a4 Ne7 22. Qxc2 Nd5 23. Rfc1 Rac8 24.
Qc6 Qxc6 25. Rxc6 Bb7 26. Rc5 Bf8 27. Nxa7 Rxc7 28. Rxc7 Nxc7 29. Nb5 Nd5 30. Rc1 g5 31. h3 g4 32. hxg4 fxg4 33. Nh4 Nf4 34. Rc7 Be4 35. g3 Nd5 36. Ra7 Rc8 37. Be1 Rc1 38. Kf2 Rc2+ 39. Kg1 Bh6 40. Ra8+ Kg7 41. Ra7+ Kf8 42. Ra8+ Ke7 43.
Ra7+ Kd8 44. Ba5+ Kc8 45. Nd6+ Kb8 46. Rb7+ Ka8 47. Rd7 Be3+ 48. Kf1 Bd3+ 0-1

[Event "Late-Titled-Tuesday-Blitz-October-10-2023"]
[Site "Chess.com"]
[Date "2023.10.10"]
[Round "8"]
[White "angryspacevoid"]
[Black "ThaBarWa"]
[Result "0-1"]
[WhiteElo "2536"]
[BlackElo "2445"]
[TimeControl "180+1"]
[EndTime "15:22:51 PDT"]
[Termination "ThaBarWa won by checkmate"]

1. e4 c6 2. d4 d5 3. e5 c5 4. dxc5 e6 5. a3 Bxc5 6. b4 Bb6 7. Nf3 Ne7 8. Bd3 a5 9. Bb2 axb4 10. axb4 Rxa1 11.
Bxa1 Nbc6 12. Qd2 h6 13. O-O O-O 14. Qf4 Bd7 15. h4 Bc7 16. Bb2 f5 17. h5 Be8 18.
g4 fxg4 19. Qxg4 Nf5 20. Bc1 Kh8 21. Bf4 Nce7 22. Kh1 Bf7 23. Rg1 Qe8 24. Nd4 Bxh5 25. Qg2 Ng6 26. Bh2 Nxd4 27. Bxg6 Bxg6 28. Qxg6 Qxg6 29.
Rxg6 Rxf2 30. Bg1 Rf1 31. Nd2 Rd1 32. c3 Rxd2 33. Bxd4 Kg8 34. Rxe6 Kf7 35. Rd6 Bxd6 36. exd6 Rxd4 37. cxd4 Ke6 38. b5 Kxd6 39. Kg2 Kc7 40. Kf3 Kb6 41. Kf4 Kxb5 42. Kf5 Kc4 43. Ke5 h5 44. Kd6 Kxd4 45. Kc7 Ke4 46. Kc8 d4 47. Kb8 d3 48. Kc8 d2 49. Kb8 d1=Q 50. Ka7 b5 51.
Kb8 Qd7 52. Ka8 Kd5 53. Kb8 Kc6 54. Ka8 Qb7# 0-1

[Event "Late-Titled-Tuesday-Blitz-October-10-2023"]
[Site "Chess.com"]
[Date "2023.10.10"]
[Round "8"]
[White "rickywsb"]
[Black "talaicito"]
[Result "1-0"]
[WhiteElo "2357"]
[BlackElo "2226"]
[TimeControl "180+1"]
[EndTime "15:22:51 PDT"]
[Termination "rickywsb won on time"]

1. d4 e6 2. Bf4 f5 3. g3 Nf6 4. Bg2 g6 5. h4 Bg7 6. Nd2 Nh5 7. Bg5 Bf6 8. Ngf3 h6 9. Bxf6 Qxf6 10. e4 d6 11. O-O O-O 12. c4 Nc6 13. exf5 exf5 14. Nb3 f4 15. Qe1 Bg4 16. Nh2 Bd7 17. Qc3 Rae8 18. c5 g5 19. cxd6 cxd6 20. g4 f3 21. Bxf3 Nf4 22. Rae1 gxh4 23. a4 Nh3+ 24.
Kh1 Ng5 25. Bd5+ Kg7 26. f4 Rxe1 27. Qxe1 Ne6 28. g5 Qf5 29. Be4 Qh3 30. Rf3 1-0

[Event "Late-Titled-Tuesday-Blitz-October-10-2023"]
[Site "Chess.com"]
[Date "2023.10.10"]
[Round "8"]
[White "karwowskikacper"]
[Black "PatzerSmashers"]
[Result "1-0"]
[WhiteElo "2542"]
[BlackElo "2401"]
[TimeControl "180+1"]
[EndTime "15:22:52 PDT"]
[Termination "karwowskikacper won on time"]

1. e4 c5 2. Nf3 d6 3. d4 cxd4 4. Nxd4 Nf6 5. Nc3 a6 6. Nb3 g6 7. Be2 Bg7 8. O-O O-O 9. Bg5 Nc6 10. f4 Be6 11. Bf3 Rc8 12. Re1 h6 13. Bh4 b5 14.
Nd5 Bxd5 15. exd5 Na5 16. c3 Nc4 17. Qe2 Re8 18. Bf2 Nd7 19. Bd4 Nc5 20. Bxg7 Kxg7 21.
Nd4 Qb6 22. Kh1 Na4 23. f5 g5 24. b3 Nxc3 25. Qd3 Ne5 26. f6+ exf6 27. Nf5+ Kf8 28. Rxe5 Rxe5 29. Nxh6 Qe3 30. Qf1 Rc5 31.
Ng4 Qd4 32. Nxf6 b4 33. Nd7+ Kg7 34. Bh5 f5 35. Nxe5 Qxe5 36. Re1 Qxd5 37. Qxa6 Ne4 38. Bf3 1-0

[Event "Late-Titled-Tuesday-Blitz-October-10-2023"]
[Site "Chess.com"]
[Date "2023.10.10"]
[Round "8"]
[White "Harald_Schmidt"]
[Black "Joshukid"]
[Result "1-0"]
[WhiteElo "2384"]
[BlackElo "2560"]
[TimeControl "180+1"]
[EndTime "15:22:53 PDT"]
[Termination "Harald_Schmidt won by resignation"]

1. e4 Nf6 2. e5 Nd5 3. d3 d6 4. exd6 cxd6 5. g3 g6 6. Bg2 Nc7 7. Nf3 Bg7 8. O-O O-O 9. c4 Nc6 10. Nc3 d5 11. a3 Bf5 12. Qe2 dxc4 13. dxc4 Bd3 14. Qe3 Bxf1 15. Kxf1 Qd7 16. b4 Rad8 17. Bb2 Qd3+ 18. Qxd3 Rxd3 19. Rc1 Rfd8 20. Ke2 R3d7 21. Rc2 Ne6 22. Nd5 Bxb2 23. Rxb2 Ned4+ 24. Nxd4 Nxd4+ 25. Ke3 Nf5+ 26. Ke2 Kg7 27. Be4 e6 28. Bxf5 gxf5 29. Nc3 Rd4 30. c5 Rc4 31. Nb5 a5 32. Nd6 Rd4 33.
Nxb7 Re4+ 34. Kf1 Rd1+ 35. Kg2 axb4 36. axb4 Rdd4 37. c6 Rxb4 38. Rxb4 Rxb4 39. Nd6 Rb6 40. c7 Rxd6 41. c8=Q Rd5 42. Qc7 Kg8 43. Qf4 Kg7 44. Qg5+ Kf8 45. Qf6 Kg8 46. h4 f4 47. g4 Rc5 48. h5 h6 49. Qxh6 Rd5 1-0

[Event "Late-Titled-Tuesday-Blitz-October-10-2023"]
[Site "Chess.com"]
[Date "2023.10.10"]
[Round "8"]
[White "GianmarcoVaR"]
[Black "K_A_S_T_O_R"]
[Result "0-1"]
[WhiteElo "2669"]
[BlackElo "2883"]
[TimeControl "180+1"]
[EndTime "15:22:54 PDT"]
[Termination "K_A_S_T_O_R won on time"]

1. e4 c5 2. Nf3 d6 3. c3 Nf6 4. Bd3 Bg4 5. O-O e6 6. Bc2 Be7 7. d4 cxd4 8. cxd4 d5 9. e5 Nfd7 10. Be3 Nc6 11. Nbd2 Nb6 12. Bd3 Rc8 13. Rc1 Bh5 14.
h3 Bg6 15. Bxg6 fxg6 16. Ne1 O-O 17. Nd3 Nb4 18. Nf4 Qd7 19. Qg4 Rxc1 20. Rxc1 Rf5 21.
Nf1 g5 22. Nh5 Nc4 23. h4 Nd3 24. Rc2 g6 25. Nf6+ Bxf6 26. exf6 Rxf6 27. hxg5 Rf8 28. Nh2 Ndxb2 29. Qh3 Nxe3 30. Qxe3 Nc4 31. Qg3 Qd6 32.
Qxd6 Nxd6 33. Ng4 Rc8 34. Re2 Kf7 35. Ne5+ Ke7 36. Nd3 Nf5 37. Nf4 Nxd4 0-1

[Event "Late-Titled-Tuesday-Blitz-October-10-2023"]
[Site "Chess.com"]
[Date "2023.10.10"]
[Round "8"]
[White "Arteler"]
[Black "maximnovik"]
[Result "0-1"]
[WhiteElo "2583"]
[BlackElo "2481"]
[TimeControl "180+1"]
[EndTime "15:22:56 PDT"]
[Termination "maximnovik won by resignation"]

1. e4 c6 2. d4 d5 3. exd5 cxd5 4. c4 Nf6 5. Nc3 g6 6. Qb3 Bg7 7. cxd5 O-O 8. Be2 Na6 9. Bf3 Qb6 10. Nge2 Qxb3 11.
axb3 Nb4 12. O-O Rd8 13. d6 Rxd6 14. Bf4 Rd7 15. Be5 Nfd5 16. Bxg7 Kxg7 17. Ra5 Nf6 18.
Rfa1 a6 19. Na4 Rd8 20. Nb6 Rb8 21. Rc5 Bf5 22. Rc7 Kf8 23. Rac1 Nfd5 24. Nxd5 Nxd5 25.
R7c5 Nf6 26. Ng3 Be6 27. b4 Rxd4 28. b5 Rbd8 29. h3 Rb4 30. Bxb7 axb5 31. Bc6 Bc4 32. Rc2 Rd1+ 33. Kh2 Rb1 34. Rd2 R1xb2 35. Rd8+ Kg7 36. Rg5 Rxf2 37. Bf3 Be6 38. Rc5 Rbb2 39. Kg1 Rfc2 40.
Rc7 Rxc7 0-1